 Dungeon Crawl Stone Soup version 0.24.0-123-gd5b16e6ec5 (webtiles) character file.

Game seed: 7731019599780346408, levelgen mode: deterministic

226 Elellon the Cleaver (level 6, 0/51 HPs)
             Began as a Hill Orc Fighter on Jan 20, 2020.
             Slain by an orc priest
             ... wielding a +0 trident
              (5 damage)
             ... on level 3 of the Dungeon.
             The game lasted 00:03:13 (2014 turns).

Elellon the Cleaver (Hill Orc Fighter)              Turns: 2014, Time: 00:03:14

Health: 0/51       AC: 10    Str: 24    XL:     6   Next: 1%
Magic:  6/6        EV:  7    Int:  8    God:
Gold:   91         SH:  9    Dex: 10    Spells: 5/5 levels left

rFire    . . .     SeeInvis .   a - +0 war axe
rCold    . . .     Gourm    .   c - +0 shield
rNeg     . . .     Faith    .   b - +0 scale mail
rPois    .         Spirit   .   (no helmet)
rElec    .         Reflect  .   m - scarf {repulsion}
rCorr    .         Harm     .   l - +2 pair of gloves {Str+3}
MR       .....                  (no boots)
Stlth    ..........             (no amulet)
HPRegen  0.17/turn              (no ring)
MPRegen  0.10/turn              (no ring)

@: repel missiles
A: no striking features
a: Convert to Beogh


You were on level 3 of the Dungeon.
You were not hungry.

You visited 1 branch of the dungeon, and saw 3 of its levels.

You collected 91 gold pieces.

Inventory:

Hand Weapons
 a - a +0 war axe (weapon)
Armour
 b - a +0 scale mail (worn)
 c - a +0 shield (worn)
 l - a +2 pair of gloves of strength (worn)
 m - a scarf of repulsion (worn)
Jewellery
 n - an uncursed ring of stealth {unknown}
Scrolls
 e - a scroll of immolation {unknown}
 g - a scroll of amnesia {unknown}
 i - a scroll of remove curse {unknown}
 j - 2 scrolls of teleportation {unknown}
 o - a scroll of identify {unknown}
 q - a scroll of magic mapping {unknown}
Potions
 d - 2 potions of might
 h - 3 potions of ambrosia {unknown}
 p - a potion of invisibility {unknown}
 r - a potion of heal wounds {unknown}
Comestibles
 f - 4 rations
 k - a chunk of flesh


   Skills:
 - Level 3.6 Fighting
 + Level 8.0 Axes
 - Level 3.2 Armour
 - Level 3.2 Shields


You had 5 spell levels left.
You didn't know any spells.
Your spell library was empty.

Dungeon Overview and Level Annotations

Branches:
Dungeon (3/15)

Altars:


Message History

The orc priest shouts, "Beogh is our master!
Accept the truth or die!"
The orc priest barely misses you.
The orc priest shouts, "Surrender to Beogh and we'll let you live!"
You slash the orc priest!
The orc priest is almost dead.
The orc priest shouts, "Beogh is our master!
Accept the truth or die!"
You block the orc priest's attack.
You hit the orc priest but do no damage.
The orc priest is almost dead.
You block the orc priest's attack.
You hit the orc priest but do no damage.
The orc priest is almost dead.
The orc priest hits you but does no damage.
You closely miss the orc priest.
The orc priest is almost dead.
The orc priest hits you but does no damage.
You closely miss the orc priest.
The orc priest is almost dead.
The orc priest hits you with a +0 trident.
You die...

##............#
....
##...........#
#.#.........#
#.##....#.### #
##.###.#.#.# #
#........#.# ##
#..#######.######
#.
#..#....$.#oogo.#
#.
.........#.####@#
.. ........ #.#
### .o.o.o## #.#
#.# ...g.. #.#
##.. ..... #.#
#..⌠ .... ###
##... ... #....
...... ##....
...... #.....


You could see an orc priest, 2 orcs and a goblin.

Vanquished Creatures
  An ogre (D:3)
  Terence (D:2)
  5 adders
  2 worms (D:2)
  3 dart slugs
  2 leopard geckos
  4 orcs (D:3)
  4 giant cockroaches (D:1)
  2 goblins (D:3)
  4 hobgoblins
  6 jackals (D:2)
  8 kobolds
  A ball python (D:3)
  6 bats
  3 frilled lizards
  10 rats
62 creatures vanquished.

Notes
Turn   | Place    | Note
-------+----------+-------------------------------------------
     0 | D:1      | Elellon the Hill Orc Fighter began the quest for the Orb.
     0 | D:1      | Reached XP level 1. HP: 19/19 MP: 1/1
    70 | D:1      | Reached skill level 3 in Axes
   138 | D:1      | Reached XP level 2. HP: 23/26 MP: 2/2
   483 | D:1      | Reached skill level 4 in Axes
   992 | D:2      | Reached XP level 3. HP: 31/31 MP: 3/3
  1052 | D:2      | Reached skill level 5 in Axes
  1100 | D:2      | Noticed Terence
  1103 | D:2      | Killed Terence
  1103 | D:2      | Reached XP level 4. HP: 37/39 MP: 4/4
  1224 | D:2      | Reached skill level 6 in Axes
  1587 | D:3      | Noticed an ogre
  1610 | D:3      | Killed an ogre
  1610 | D:3      | Reached skill level 7 in Axes
  1610 | D:3      | Reached XP level 5. HP: 16/45 MP: 5/5
  1894 | D:3      | Reached skill level 8 in Axes
  1894 | D:3      | Reached XP level 6. HP: 49/51 MP: 6/6
  2014 | D:3      | Slain by an orc priest

Levels and vault maps discovered:
D:1:      scummos_arrival_gate, layout_loops_corners
D:2:      layout_loops_ring, first_ration, uniq_terence
D:3:      minmay_skewed_foursquare, layout_loops_ring

Skill      XL: |  1  2  3  4  5 |
---------------+----------------+-----
Axes           | 3 4 5 7 8 |  8.0
Fighting       | |  3.6
Armour         | |  3.2
Shields        | |  3.2

Action                   |  1- 3 |  4- 6 || total
-------------------------+-------+-------++-------
Melee: War axe           |    94 |   122 ||   216
  Eat: Chunk             |     1 |     3 ||     4
Armor: Scale mail        |    57 |    50 ||   107
Dodge: Dodged            |    30 |    39 ||    69
Block: Shield            |    46 |    53 ||    99
